 Dungeon Crawl Stone Soup version 0.28-a0-628-g3c9886e45e (webtiles) character file.

Game seed: 4766791692625020999

108 bande the Covered (level 4, -3/29 HPs)
             Began as a Gargoyle Fighter on Oct 8, 2021.
             Slain by an ogre (24 damage)
             ... on level 4 of the Dungeon.
             The game lasted 00:06:06 (3275 turns).

bande the Covered (Gargoyle Fighter)                Turns: 3275, Time: 00:06:07

Health: -3/29      AC: 13    Str: 20    XL:     4   Next: 87%
Magic:  4/4        EV:  7    Int:  9    God:
Gold:   109        SH:  5    Dex:  9    Spells: 1/3 levels left

rFire   . . .      SeeInvis .   a - +0 war axe
rCold   . . .      Faith    .   c - +1 buckler
rNeg    + . .      Spirit   .   j - +0 chain mail
rPois   ∞          Reflect  .   (no helmet)
rElec   +          Harm     .   (no cloak)
rCorr   .          Rampage  .   (no gloves)
Will    .....                   (no boots)
Stlth   ..........              (no amulet)
HPRegen 0.09/turn               (no ring)
MPRegen 0.09/turn               (no ring)

@: no status effects
A: sickness immunity, AC +3, negative energy resistance 1, electricity
resistance, torment resistance 1, petrification resistance
a: no special abilities


You were on level 4 of the Dungeon.
You visited 1 branch of the dungeon, and saw 4 of its levels.

You collected 109 gold pieces.

Inventory:

Hand Weapons
 a - a +0 war axe (weapon)
Armour
 c - a +1 buckler (worn)
 j - a +0 chain mail (worn)
Wands
 n - a wand of flame (9)
Scrolls
 f - a scroll of magic mapping
 g - 2 scrolls of identify
 h - a scroll of enchant armour
Potions
 b - a potion of degeneration {unknown}
 d - a potion of might
 e - a potion of haste {unknown}
 i - a potion of brilliance
 k - a potion of curing {unknown}
 l - a potion of lignification {unknown}
 m - a potion of attraction {unknown}
 o - 2 potions of berserk rage {unknown}


   Skills:
 + Level 3.9 Fighting
 + Level 3.0 Axes
 + Level 4.0 Armour
 + Level 3.9 Shields
 * Level 0.3 Translocations


You had one spell level left.
You knew the following spells:

 Your Spells              Type           Power      Damage    Failure   Level
a - Blink                 Tloc           N/A        N/A       99%         2

Your spell library contained the following spells:

 Spells                   Type           Power      Damage    Failure   Level
 Magic Dart               Conj           0%         1d3       99%         1
 Searing Ray              Conj           0%         2d4       99%         2
 Lesser Beckoning         Tloc           0%         N/A       100%        3
 Fulminant Prism          Conj/Hex       0%         3d6       100%        4
 Manifold Assault         Tloc           0%         N/A       100%        5


Dungeon Overview and Level Annotations

Branches:
Dungeon (4/15)
 Temple: D:4-7

Altars:
Wu Jian


Innate Abilities, Weirdness & Mutations

You are immune to sickness and miasma.
Your stone body is resilient. (AC +3)
You are immune to poison.
You resist negative energy. (rN+)
You are resistant to electric shocks. (rElec)
You are resistant to unholy torment.
You are immune to petrification.


Message History

No target in view!
No target in view!
You see here a bat corpse.
There is a stone staircase leading up here.
There is a stone staircase leading up here.
Found a stone staircase leading down.
Done exploring.
No target in view!
No target in view!
No target in view!
No target in view!
Done exploring.
Done exploring.
No target in view!
No target in view!
Done exploring.
There is a stone staircase leading down here.
You climb downwards.
There is a stone staircase leading up here.
Found a stone staircase leading down.
A kobold comes into view. It is wielding a +0 whip.
Found 18 gold pieces.
Found a stone staircase leading up.
The kobold shouts!
A kobold is nearby!
An ogre comes into view. It is wielding a +0 giant spiked club.
The ogre shouts!
The kobold throws a stone.
You block the stone.
You hit the kobold.
You kill the kobold!
You slash the ogre!
The ogre is moderately wounded.
The ogre hits you with a +0 giant spiked club!
You closely miss the ogre.
The ogre is moderately wounded.
The ogre barely misses you.
You hit the ogre.
The ogre is heavily wounded.
The ogre hits you with a +0 giant spiked club!!
Ouch! That really hurt!
You die...

###.... ##....#..##
.........#
#####.#....#.#
###............##.
####...#.........$...
.##......#.............
.......<.#.............
...........#...@O......
...........#.>.........
..#.......##.......<...
. ##..##.##............
#.# ..##............ #.
#.###............ #. #.
............. #.
#...#.........


You could see an ogre.

Vanquished Creatures
  5 adders
  An adder skeleton (D:3)
  A worm (D:2)
  A dart slug (D:2)
  4 ball pythons (D:1)
  5 bats
  8 endoplasms
  4 giant cockroaches
  2 goblins
  5 hobgoblins
  2 quokkas
  2 frilled lizards
  10 kobolds
  7 rats
57 creatures vanquished.

Notes
Turn   | Place    | Note
-------+----------+-------------------------------------------
     0 | D:1      | bande the Gargoyle Fighter began the quest for the Orb.
     0 | D:1      | Reached XP level 1. HP: 14/14 MP: 1/1
     6 | D:1      | Noticed an iguana
     6 | D:1      | Noticed a ragged hierophant
     7 | D:1      | Noticed a centaur
   173 | D:1      | Found a faded altar of an unknown god.
   330 | D:1      | Reached XP level 2. HP: 19/19 MP: 2/2
   548 | D:1      | Reached XP level 3. HP: 19/23 MP: 3/3
  1723 | D:2      | Found an ornate altar of the Wu Jian Council.
  1732 | D:2      | Reached XP level 4. HP: 27/29 MP: 4/4
  2401 | D:3      | Learned a level 2 spell: Blink
  3116 | D:3      | Reached skill level 4 in Armour
  3269 | D:4      | Noticed an ogre
  3275 | D:4      | Slain by an ogre

Illustrated notes

Levels and vault maps discovered:
D:1:      onia_arrival_zoo_common, layout_rooms,
          hellmonk_ecumenical_altar_blasted, dk_noncrumbling_3,
          dk_noncrumbling_4, serial_bayou_pond_b, st_stairs_13
D:2:      layout_basic, basic_altar
D:3:      layout_loops_corners
D:4:      layout_rooms, uniq_duvessa, uniq_menkaure

Skill      XL: |  1  2  3  4 |
---------------+-------------+-----
Axes           | 2 3 |  3.0
Armour         | 4 |  4.0
Fighting       | |  3.9
Shields        | |  3.9
Translocations | |  0.3

Action                   |  1- 3 |  4- 6 || total
-------------------------+-------+-------++-------
Melee: War axe           |    97 |    78 ||   175
  Use: Scroll            |     4 |       ||     4
Armor: Scale mail        |    37 |       ||    37
       Chain mail        |    30 |    48 ||    78
Dodge: Dodged            |    37 |    25 ||    62
Block: Buckler           |    31 |    21 ||    52

Table legend: (Time is in decaauts)
 A = Elapsed time spent in this place.
 B = Non-inter-level travel time spent in this place.
 C = Inter-level travel time spent in this place.
 D = Time resting spent in this place.
 E = Time spent auto-exploring this place.
 F = Levels seen in this place.
 G = Mean time per level.
                   A        B        C        D        E       F      G
               +--------+--------+--------+--------+--------+-----+--------+
         Total |   3343 |   3343 |      0 |      0 |   2579 |   4 |  835.8 |
       Dungeon |   3343 |   3343 |      0 |      0 |   2579 |   4 |  835.8 |
               +--------+--------+--------+--------+--------+-----+--------+

Top non-repeatable levels by time:
     D:1: 1181 daAuts
     D:2: 1091 daAuts
     D:3: 1057 daAuts
     D:4: 12 daAuts
